 Dungeon Crawl Stone Soup version 0.31-a0-1206-g41278d8d1d (webtiles) character file.

Game seed: 3083821738283810444

53 Hubris850 the Thaumaturge (level 3, -1/28 HPs)
             Began as a Gnoll Wanderer on Dec 13, 2023.
             Was a Follower of Fedhas.
             Slain by a gnoll
             ... wielding a +0 spear
              (3 damage)
             ... on level 3 of the Dungeon.
             The game lasted 00:04:52 (1635 turns).

Hubris850 the Thaumaturge (Gnoll Wanderer)          Turns: 1635, Time: 00:04:53

Health: -1/28      AC:  5    Str: 13    XL:     3   Next: 89%
Magic:  13/13      EV: 12    Int: 18    God:    Fedhas [*.....]
Gold:   109        SH:  0    Dex: 16    Spells: 16/20 levels left

rFire   . . .        a - +0 falchion
rCold   . . .        (no shield)
rNeg    . . .        d - +0 robe
rPois   .            (no helmet)
rElec   .            i - +0 cloak
rCorr   .            l - +0 pair of gloves
SInv    .            b - +0 pair of boots
Will    .....        f - amulet of faith
Stlth   +++          h - +6 ring of intelligence
HPRegen 0.24/turn    k - +6 ring of strength
MPRegen 0.13/turn

%: faith
@: no status effects
A: fangs 1, strong nose, distributed training
a: Renounce Religion


You were on level 3 of the Dungeon.
You worshipped Fedhas.
Fedhas was aware of your devotion.
You visited 1 branch of the dungeon, and saw 3 of its levels.

You collected 109 gold pieces.

Inventory:

Hand Weapons
 a - a +0 falchion (weapon)
Armour
 b - a +0 pair of boots (worn)
 d - a +0 robe (worn)
 i - a +0 cloak (worn)
 l - a +0 pair of gloves (worn)
Jewellery
 f - an amulet of faith (around neck)
 h - a +6 ring of intelligence (left hand)
 k - a +6 ring of strength (right hand)
 o - an amulet of reflection
Scrolls
 c - a scroll of summoning
 e - 2 scrolls of revelation {unknown}
 g - a scroll of brand weapon {unknown}
 r - 2 scrolls of fog {unknown}
 s - a scroll of enchant weapon {unknown}
Potions
 j - a potion of mutation {unknown}
 m - a potion of resistance {unknown}
 n - a potion of heal wounds {unknown}
 p - a potion of curing {unknown}
 q - a potion of brilliance {unknown}


   Skills:
 + Level 2.7 Fighting
 + Level 1.0 Short Blades
 + Level 2.7 Long Blades
 + Level 1.0 Axes
 + Level 1.0 Maces & Flails
 + Level 1.0 Polearms
 + Level 1.0 Staves
 + Level 1.0 Ranged Weapons
 + Level 1.0 Throwing
 + Level 2.7 Armour
 + Level 1.0 Dodging
 + Level 4.2 Stealth
 + Level 1.0 Shields
 + Level 1.0 Unarmed Combat
 + Level 9.3 Spellcasting
 + Level 0.7 Conjurations
 + Level 0.7 Hexes
 + Level 0.7 Summonings
 + Level 0.7 Necromancy
 + Level 0.7 Translocations
 + Level 0.7 Transmutations
 + Level 0.7 Fire Magic
 + Level 0.7 Ice Magic
 + Level 0.7 Air Magic
 + Level 0.7 Earth Magic
 + Level 0.7 Poison Magic
 + Level 1.1 Invocations
 + Level 1.0 Evocations
 + Level 0.9 Shapeshifting


You had 16 spell levels left.
You knew the following spells:

 Your Spells              Type           Power      Damage    Failure   Level
a - Kiss of Death         Conj/Necr      44%        2d8       6%          1
b - Scorch                Fire           22%        2d5       10%         2
c - Summon Small Mammal   Summ           44%        N/A       6%          1

Your spell library contained the following spells:

 Spells                   Type           Power      Damage    Failure   Level
 Lesser Beckoning         Tloc           22%        N/A       10%         2
 Call Canine Familiar     Summ           11%        N/A       19%         3
 Confusing Touch          Hex            11%        N/A       19%         3
 Gell's Gravitas          Tloc           11%        N/A       19%         3
 Inner Flame              Hex/Fire       11%        N/A       19%         3
 Summon Guardian Golem    Hex/Summ       11%        N/A       19%         3
 Teleport Other           Tloc           11%        N/A       19%         3
 Tukima's Dance           Hex            11%        N/A       19%         3
 Animate Armour           Summ/Erth      22%        N/A       52%         4
 Flame Wave               Conj/Fire      11%        2d6       52%         4
 Sticky Flame             Conj/Fire      11%        2d3       52%         4
 Summon Lightning Spire   Summ/Air       11%        N/A       52%         4
 Lee's Rapid Deconstruct  Erth           5%         3d6*      86%         5


Dungeon Overview and Level Annotations

Branches:
Dungeon (3/15)

Altars:
Fedhas


Innate Abilities, Weirdness & Mutations

You have very sharp teeth.
Your uncanny sense of smell can sniff out nearby items.
Your experience applies equally to all skills.


Message History

You hit the giant cockroach but do no damage.
You bite the giant cockroach, but do no damage.
The giant cockroach is heavily wounded.
The giant cockroach misses you. The giant cockroach barely misses you.
You closely miss the giant cockroach.
The giant cockroach is heavily wounded.
The gnoll hits you from afar with a +0 spear.
The giant cockroach misses you.
The giant cockroach attacks as it pursues you!
The giant cockroach bites you but does no damage. x2
You barely miss the giant cockroach. Your bite misses the giant cockroach.
The giant cockroach is heavily wounded.
The giant cockroach closely misses you. The gnoll misses you.
You barely miss the giant cockroach.
You bite the giant cockroach, but do no damage.
The giant cockroach is heavily wounded.
The giant cockroach waves its antennae.
The giant cockroach closely misses you. The gnoll misses you.
You hit the giant cockroach.
The giant cockroach is almost dead.
The giant cockroach bites you. The gnoll closely misses you.
The giant cockroach misses you.
You completely miss the giant cockroach.
The giant cockroach is almost dead.
The giant cockroach bites you but does no damage.
The gnoll hits you from afar with a +0 spear.
The gnoll shouts!
You hit the giant cockroach.
You kill the giant cockroach!
Fedhas appreciates your contribution to the ecosystem.
The gnoll hits you from afar with a +0 spear.
The gnoll hits you with a +0 spear!
The gnoll hits you from afar with a +0 spear.
* * * LOW HITPOINT WARNING * * *
You barely miss the gnoll. You bite the gnoll, but do no damage.
The gnoll hits you with a +0 spear.
* * * LOW HITPOINT WARNING * * *
The gnoll hits you from afar with a +0 spear.
You die...
Fedhas appreciates your contribution to the ecosystem.

##.~~~~...~≈≈..#
#...~~~~~~≈≈~~.#
#.~.~≈≈≈≈≈≈≈≈~~#
#.~.~≈~≈~~~≈~..#
#..~..~~~.~....#
##..~.....~.†.?.##
##.#.###.#........#
###.###.##....#####.##.#
...## ##........@ggg...#
###.###.#.....#####.#..#
##.#.#.#.#<#.## #.##.#
#............###.# .#
##.##.#.#.#.....$. g
#####.###.....#####.# g
(....#.....#.## #.# ..
#.......###.# .#
#.......# #.#


You could see 3 gnolls.

Vanquished Creatures
  A gnoll (D:1)
  2 worms (D:2)
  A dart slug (D:1)
  5 endoplasms
  A giant cockroach (D:3)
  4 goblins (D:1)
  4 hobgoblins
  2 kobolds (D:1)
  A quokka (D:2)
  3 ball pythons (D:1)
  5 bats
  A frilled lizard (D:1)
  5 rats
35 creatures vanquished.

Notes
Turn   | Place    | Note
-------+----------+-------------------------------------------
     0 | D:1      | Reached skill level 9 in Spellcasting
     0 | D:1      | Hubris850 the Gnoll Wanderer began the quest for the Orb.
     0 | D:1      | Hubris850 set off with the following items: a +0 falchion,
                  | a +0 pair of boots, a scroll of summoning, a +0 robe; and
                  | the following spell memorised: Kiss of Death; and the
                  | following spells available to memorise: Scorch, Confusing
                  | Touch, Tukima's Dance.
     0 | D:1      | Reached XP level 1. HP: 17/17 MP: 10/10
    76 | D:1      | Reached XP level 2. HP: 23/23 MP: 12/12
   133 | D:1      | Learned a level 2 spell: Scorch
   324 | D:1      | Reached XP level 3. HP: 28/28 MP: 4/13
   435 | D:1      | Learned a level 1 spell: Summon Small Mammal
   751 | D:2      | Reached skill level 1 in Invocations
  1254 | D:2      | Reached skill level 1 in Short Blades
  1254 | D:2      | Reached skill level 1 in Axes
  1254 | D:2      | Reached skill level 1 in Maces & Flails
  1254 | D:2      | Reached skill level 1 in Polearms
  1254 | D:2      | Reached skill level 1 in Staves
  1254 | D:2      | Reached skill level 1 in Ranged Weapons
  1254 | D:2      | Reached skill level 1 in Throwing
  1254 | D:2      | Reached skill level 1 in Dodging
  1254 | D:2      | Reached skill level 1 in Shields
  1254 | D:2      | Reached skill level 1 in Unarmed Combat
  1254 | D:2      | Reached skill level 1 in Evocations
  1552 | D:3      | Found a faded altar of an unknown god.
  1578 | D:3      | Prayed at the altar of an unknown god.
  1578 | D:3      | Became a worshipper of Fedhas Madash
  1578 | D:3      | Reached * piety under Fedhas
  1635 | D:3      | Slain by a gnoll

Illustrated notes

Levels and vault maps discovered:
D:1:      onia_arrival_mini_spirals, layout_rooms, minmay_pentomino_p4
D:2:      layout_loops_ring
D:3:      layout_loops_ring, chequers_ecumenical_altar_island

Skill      XL: |  1  2  3 |
---------------+----------+-----
Spellcasting   | |  9.3
Invocations    | 1 |  1.1
Short Blades   | 1 |  1.0
Axes           | 1 |  1.0
Maces & Flails | 1 |  1.0
Polearms       | 1 |  1.0
Staves         | 1 |  1.0
Ranged Weapons | 1 |  1.0
Throwing       | 1 |  1.0
Dodging        | 1 |  1.0
Shields        | 1 |  1.0
Unarmed Combat | 1 |  1.0
Evocations     | 1 |  1.0
Fighting       | |  2.7
Long Blades    | |  2.7
Armour         | |  2.7
Stealth        | |  4.2
Conjurations   | |  0.7
Hexes          | |  0.7
Summonings     | |  0.7
Necromancy     | |  0.7
Translocations | |  0.7
Transmutations | |  0.7
Fire Magic     | |  0.7
Ice Magic      | |  0.7
Air Magic      | |  0.7
Earth Magic    | |  0.7
Poison Magic   | |  0.7
Shapeshifting  | |  0.9

Action                     || total
---------------------------++-------
  Melee: Falchion          ||    95
         Bite              ||     7
   Cast: Scorch            ||     5
   Stab: Sleeping          ||    11
 Armour: Robe              ||    52
  Dodge: Dodged            ||    51
  Block: Other             ||     7

Table legend: (Time is in decaauts)
 A = Elapsed time spent in this place.
 B = Non-inter-level travel time spent in this place.
 C = Inter-level travel time spent in this place.
 D = Time resting spent in this place.
 E = Time spent auto-exploring this place.
 F = Levels seen in this place.
 G = Mean time per level.
                   A        B        C        D        E       F      G
               +--------+--------+--------+--------+--------+-----+--------+
         Total |   1656 |   1582 |     74 |      0 |   1217 |   3 |  552.0 |
       Dungeon |   1656 |   1582 |     74 |      0 |   1217 |   3 |  552.0 |
               +--------+--------+--------+--------+--------+-----+--------+

Top non-repeatable levels by time:
     D:2: 767 daAuts
     D:1: 750 daAuts
     D:3: 138 daAuts
